| TOP OF THE 1ST |
|
Atlanta Braves batting - Pitching for St. Louis Cardinals : RHP Casey Cogdill
|
|
Pitching: RHP Casey Cogdill
|
|
|
Batting: RHB Jeckel Hester
|
0-0: Ball 1-0: Fly out, F8 (Flyball, 78S, EV 89.4 MPH)
|
|
Batting: RHB Kevin Howard
|
0-0: Swinging Strike 0-1: Ball 1-1: Ball 2-1: Foul Ball, location: 2F 2-2: Strikes out looking
|
|
Batting: RHB David Casas
|
0-0: Ball 1-0: Ball 2-0: Swinging Strike 2-1: Called Strike 2-2: Strikes out swinging
|
| Top of the 1st over - 0 runs, 0 hits, 0 errors, 0 left on base; Atlanta 0 - St. Louis 0 |
| BOTTOM OF THE 1ST |
|
St. Louis Cardinals batting - Pitching for Atlanta Braves : LHP Nolan Stefanski
|
|
Pitching: LHP Nolan Stefanski
|
|
|
Batting: LHB Ichiro Toyota
|
0-0: Called Strike 0-1: Ground out 4-3 (Groundball, 4, EV 81.9 MPH)
|
|
Batting: SHB Antoine Roux
|
0-0: Called Strike 0-1: Called Strike 0-2: Ball 1-2: Hit by Pitch
|
|
Batting: RHB Mike Bates
|
0-0: Foul Ball, location: 2F 0-1: Ball 1-1: Called Strike 1-2: Foul Ball, location: 2F 1-2: Ball 2-2: Fly out, F4 (Popup, 4, EV 53.8 MPH)
|
|
Batting: RHB Jordan Diaz
|
0-0: Ball 1-0: Ball 2-0: Called Strike 2-1: Foul Ball, location: 2F 2-2: Foul Ball, location: 2F 2-2: Strikes out swinging
|
| Bottom of the 1st over - 0 runs, 0 hits, 0 errors, 1 left on base; Atlanta 0 - St. Louis 0 |
| TOP OF THE 2ND |
|
Atlanta Braves batting - Pitching for St. Louis Cardinals : RHP Casey Cogdill
|
|
Batting: LHB Erik Gretzky
|
0-0: Ball 1-0: Ball 2-0: Called Strike 2-1: Ground out 5-3 (Groundball, 5, EV 105.6 MPH)
|
|
Batting: RHB Ike Trout
|
0-0: Called Strike 0-1: Ball 1-1: Fly out, F7 (Line Drive, 7LM, EV 110.6 MPH)
|
|
Batting: SHB Terry Tuckfard
|
0-0: Foul Ball, location: 2F 0-1: Called Strike 0-2: Ball 1-2: Foul Ball, location: 2F 1-2: SINGLE (Groundball, 34D, EV 106.2 MPH)
|
|
Batting: RHB J.J. Powers
|
0-0: Ball 1-0: Called Strike 1-1: Swinging Strike 1-2: Ground out 5-3 (Groundball, 25, EV 82.5 MPH)
|
| Top of the 2nd over - 0 runs, 1 hit, 0 errors, 1 left on base; Atlanta 0 - St. Louis 0 |
| BOTTOM OF THE 2ND |
|
St. Louis Cardinals batting - Pitching for Atlanta Braves : LHP Nolan Stefanski
|
|
Batting: SHB Chris Blue
|
0-0: Ball 1-0: DOUBLE (Groundball, 5L, EV 103.8 MPH)
|
|
Batting: RHB Melvin Enriquez
|
0-0: Called Strike 0-1: Foul Ball, location: 2F 0-2: Ball 1-2: SINGLE (Flyball, 7S, EV 90.0 MPH) Chris Blue to third Runner from 3rd tries for Home, throw by LF and OUT! 7-2
|
|
Batting: SHB Harry Hoop
|
0-0: Ball 1-0: Fly out, F9 (Flyball, 9, EV 85.0 MPH)
|
|
Batting: RHB Klaas Meij
|
0-0: Ball 1-0: Called Strike 1-1: Ball 2-1: Ball 3-1: Foul Ball, location: 2F 3-2: 2-RUN HOME RUN (Flyball, 78XD, EV 96.2 MPH), Distance : 387 ft
|
|
Batting: LHB Armando Carbajal
|
0-0: Ball 1-0: Foul Ball, location: 2F 1-1: Ball 2-1: Swinging Strike 2-2: Foul Ball, location: 2F 2-2: Ball 3-2: Ground out 2-3 (Groundball, 2R, EV 66.2 MPH)
|
| Bottom of the 2nd over - 2 runs, 3 hits, 0 errors, 0 left on base; Atlanta 0 - St. Louis 2 |
| TOP OF THE 3RD |
|
Atlanta Braves batting - Pitching for St. Louis Cardinals : RHP Casey Cogdill
|
|
Batting: LHB Luis Magdaleno
|
0-0: Ball 1-0: Ball 2-0: Fly out, F8 (Flyball, 8RXD, EV 101.2 MPH)
|
|
Batting: RHB Liangde Li
|
0-0: Ball 1-0: Called Strike 1-1: Ball 2-1: Foul Ball, location: 2F 2-2: Ground out U3 (Groundball, 3, EV 88.8 MPH)
|
|
Batting: RHB Jeckel Hester
|
0-0: Ball 1-0: Swinging Strike 1-1: Ball 2-1: Ball 3-1: SINGLE (Line Drive, 89S, EV 110.0 MPH)
|
|
Batting: RHB Kevin Howard
|
0-0: Ball 1-0: Called Strike Jeckel Hester steals 2nd, throwing error, E2 Jeckel Hester to third 1-1: Ball 2-1: Foul Ball, location: 2F 2-2: Ball 3-2: Foul Ball, location: 2F 3-2: SINGLE (Groundball, 6MD, EV 99.4 MPH) Jeckel Hester scores
|
|
Batting: RHB David Casas
|
0-0: Ball Wild Pitch! Kevin Howard to second 1-0: Ball 2-0: Ball 3-0: Called Strike 3-1: Base on Balls
|
|
Batting: LHB Erik Gretzky
|
0-0: Ball 1-0: Ball 2-0: Called Strike 2-1: Swinging Strike 2-2: Foul Ball, location: 2F 2-2: Ball 3-2: Strikes out looking
|
| Top of the 3rd over - 1 run, 2 hits, 1 error, 2 left on base; Atlanta 1 - St. Louis 2 |
| BOTTOM OF THE 3RD |
|
St. Louis Cardinals batting - Pitching for Atlanta Braves : LHP Nolan Stefanski
|
|
Batting: LHB Ichiro Toyota
|
0-0: Foul Ball, location: 2F 0-1: Ball 1-1: Ball 2-1: Foul Ball, location: 2F 2-2: Fly out, F6 (Line Drive, 4M, EV 62.5 MPH)
|
|
Batting: SHB Antoine Roux
|
0-0: Ball 1-0: Ball 2-0: Called Strike 2-1: Swinging Strike 2-2: Fly out, F9 (Flyball, 9, EV 87.5 MPH)
|
|
Batting: RHB Mike Bates
|
0-0: Called Strike 0-1: Ball 1-1: Ball 2-1: Foul Ball, location: 2F 2-2: Strikes out swinging
|
| Bottom of the 3rd over - 0 runs, 0 hits, 0 errors, 0 left on base; Atlanta 1 - St. Louis 2 |
| TOP OF THE 4TH |
|
Atlanta Braves batting - Pitching for St. Louis Cardinals : RHP Casey Cogdill
|
|
Batting: RHB Ike Trout
|
0-0: Called Strike 0-1: Ball 1-1: Swinging Strike 1-2: Ball 2-2: Foul Ball, location: 2F 2-2: Foul Ball, location: 2F 2-2: Foul Ball, location: 2F 2-2: Ball 3-2: Strikes out swinging
|
|
Batting: SHB Terry Tuckfard
|
0-0: Ball 1-0: Foul Ball, location: 2F 1-1: SINGLE (Groundball, 34D, EV 98.1 MPH)
|
|
Batting: RHB J.J. Powers
|
0-0: Called Strike 0-1: Foul Ball, location: 2F 0-2: Ball 1-2: Ball 2-2: Grounds into double play, 4-6-3 (Groundball, 34, EV 91.2 MPH)
|
| Top of the 4th over - 0 runs, 1 hit, 0 errors, 0 left on base; Atlanta 1 - St. Louis 2 |
| BOTTOM OF THE 4TH |
|
St. Louis Cardinals batting - Pitching for Atlanta Braves : LHP Nolan Stefanski
|
|
Batting: RHB Jordan Diaz
|
0-0: Ball 1-0: Swinging Strike 1-1: Swinging Strike 1-2: Foul Ball, location: 2F 1-2: Foul Ball, location: 2F 1-2: Strikes out swinging
|
|
Batting: SHB Chris Blue
|
0-0: Foul Ball, location: 2F 0-1: Called Strike 0-2: DOUBLE (Flyball, 8RXD, EV 101.2 MPH)
|
|
Batting: RHB Melvin Enriquez
|
0-0: Ball 1-0: Ball 2-0: Swinging Strike 2-1: Ball 3-1: SINGLE (Groundball, 4MD, EV 94.4 MPH) Chris Blue to third Runner from 3rd tries for Home, SAFE, throw by CF to home Melvin Enriquez to second
|
|
Batting: SHB Harry Hoop
|
0-0: Swinging Strike 0-1: Foul Ball, location: 2F 0-2: Strikes out swinging, 2-3 out at first.
|
|
Batting: RHB Klaas Meij
|
0-0: Foul Ball, location: 2F 0-1: Swinging Strike 0-2: Strikes out swinging
|
| Bottom of the 4th over - 1 run, 2 hits, 0 errors, 1 left on base; Atlanta 1 - St. Louis 3 |
| TOP OF THE 5TH |
|
Atlanta Braves batting - Pitching for St. Louis Cardinals : RHP Casey Cogdill
|
|
Batting: LHB Luis Magdaleno
|
0-0: Ball 1-0: Ball 2-0: Called Strike 2-1: Ball 3-1: Base on Balls
|
|
Batting: RHB Liangde Li
|
0-0: Ball 1-0: Ball 2-0: Called Strike 2-1: Ball 3-1: Called Strike 3-2: Foul Ball, location: 2F 3-2: DOUBLE (Groundball, 5L, EV 105.0 MPH) Luis Magdaleno to third
|
|
Batting: RHB Jeckel Hester
|
0-0: Ball 1-0: Swinging Strike 1-1: Swinging Strike 1-2: Ball 2-2: Strikes out swinging
|
|
Batting: RHB Kevin Howard
|
0-0: Foul Ball, location: 2F 0-1: SINGLE (Groundball, 6D, EV 101.2 MPH) Luis Magdaleno scores Liangde Li to third Runner from 3rd tries for Home, SAFE, throw by LF to home
|
|
Batting: RHB David Casas
|
0-0: Swinging Strike 0-1: Foul Ball, location: 2F 0-2: Strikes out swinging
|
|
Batting: LHB Erik Gretzky
|
0-0: Foul Ball, location: 2F 0-1: Ball 1-1: Ball 2-1: Foul Ball, location: 2F 2-2: Ball 3-2: Fly out, F9 (Flyball, 9, EV 87.5 MPH)
|
| Top of the 5th over - 2 runs, 2 hits, 0 errors, 1 left on base; Atlanta 3 - St. Louis 3 |
| BOTTOM OF THE 5TH |
|
St. Louis Cardinals batting - Pitching for Atlanta Braves : LHP Nolan Stefanski
|
|
Batting: LHB Armando Carbajal
|
0-0: Called Strike 0-1: Swinging Strike 0-2: Ball 1-2: Ball 2-2: Strikes out swinging
|
|
Batting: LHB Ichiro Toyota
|
0-0: Called Strike 0-1: Foul Ball, location: 2F 0-2: Foul Ball, location: 2F 0-2: Ball 1-2: Strikes out swinging
|
|
Batting: SHB Antoine Roux
|
0-0: Called Strike 0-1: Called Strike 0-2: Foul Ball, location: 2F 0-2: Ball 1-2: Foul Ball, location: 2F 1-2: Strikes out swinging
|
| Bottom of the 5th over - 0 runs, 0 hits, 0 errors, 0 left on base; Atlanta 3 - St. Louis 3 |
| TOP OF THE 6TH |
|
Atlanta Braves batting - Pitching for St. Louis Cardinals : RHP Casey Cogdill
|
|
Pitching: RHP Parker Warr
|
|
|
Batting: RHB Ike Trout
|
0-0: Ball 1-0: Swinging Strike 1-1: Foul Ball, location: 2F 1-2: Strikes out swinging
|
|
Batting: SHB Terry Tuckfard
|
0-0: Foul Ball, location: 2F 0-1: Ball 1-1: Ball 2-1: Foul Ball, location: 2F 2-2: Strikes out swinging
|
|
Batting: RHB J.J. Powers
|
0-0: Called Strike 0-1: Ground out U3 (Groundball, 3S, EV 70.0 MPH)
|
| Top of the 6th over - 0 runs, 0 hits, 0 errors, 0 left on base; Atlanta 3 - St. Louis 3 |
| BOTTOM OF THE 6TH |
|
St. Louis Cardinals batting - Pitching for Atlanta Braves : LHP Nolan Stefanski
|
|
Batting: RHB Mike Bates
|
0-0: Ball 1-0: Ball 2-0: Called Strike 2-1: Foul Ball, location: 2F 2-2: Ball 3-2: Strikes out swinging
|
|
Batting: RHB Jordan Diaz
|
0-0: Ball 1-0: SINGLE (Groundball, 6S, EV 71.2 MPH) (infield hit)
|
|
Batting: SHB Chris Blue
|
0-0: Foul Ball, location: 2F 0-1: Foul Ball, location: 2F 0-2: Ball 1-2: Strikes out swinging
|
|
Batting: RHB Melvin Enriquez
|
0-0: Ball 1-0: Fly out, F7 (Flyball, 78S, EV 91.2 MPH)
|
| Bottom of the 6th over - 0 runs, 1 hit, 0 errors, 1 left on base; Atlanta 3 - St. Louis 3 |
| TOP OF THE 7TH |
|
Atlanta Braves batting - Pitching for St. Louis Cardinals : RHP Parker Warr
|
|
Batting: LHB Luis Magdaleno
|
0-0: Swinging Strike 0-1: Called Strike 0-2: Strikes out swinging, 2-3 out at first.
|
|
Batting: RHB Liangde Li
|
0-0: Ground out 6-3 (Groundball, P, EV 82.5 MPH)
|
|
Batting: RHB Jeckel Hester
|
0-0: Ball 1-0: Called Strike 1-1: Foul Ball, location: 2F 1-2: DOUBLE (Flyball, 78XD, EV 106.2 MPH)
|
|
Batting: RHB Kevin Howard
|
0-0: Ball 1-0: Foul Ball, location: 2F 1-1: Foul Ball, location: 2F 1-2: Fly out, F8 (Flyball, 8RD, EV 100.6 MPH)
|
| Top of the 7th over - 0 runs, 1 hit, 0 errors, 1 left on base; Atlanta 3 - St. Louis 3 |
| BOTTOM OF THE 7TH |
|
St. Louis Cardinals batting - Pitching for Atlanta Braves : LHP Nolan Stefanski
|
|
Pitching: LHP Shingo Miura
|
|
|
Batting: SHB Harry Hoop
|
0-0: Fly out, F9 (Flyball, 89D, EV 95.6 MPH)
|
|
Batting: RHB Klaas Meij
|
0-0: Ground out 6-3 (Groundball, 6, EV 87.5 MPH)
|
|
Batting: LHB Armando Carbajal
|
0-0: Called Strike 0-1: Ball 1-1: Ball 2-1: Called Strike 2-2: Foul Ball, location: 2F 2-2: Foul Ball, location: 2F 2-2: Fly out, F8 (Flyball, 8LD, EV 95.6 MPH)
|
| Bottom of the 7th over - 0 runs, 0 hits, 0 errors, 0 left on base; Atlanta 3 - St. Louis 3 |
| TOP OF THE 8TH |
|
Atlanta Braves batting - Pitching for St. Louis Cardinals : RHP Parker Warr
|
|
Batting: RHB David Casas
|
0-0: Called Strike 0-1: DOUBLE (Line Drive, 89M, EV 106.2 MPH)
|
|
Batting: LHB Erik Gretzky
|
0-0: Intentional Walk
|
|
Batting: RHB Ike Trout
|
0-0: Swinging Strike 0-1: Ball 1-1: Ball 2-1: Ball 3-1: Base on Balls David Casas to third Erik Gretzky to second
|
|
Batting: SHB Terry Tuckfard
|
0-0: Foul Ball, location: 2F 0-1: Ball 1-1: Fly out, F9 (Flyball, 9D, EV 91.9 MPH) Runner from 3rd tags up, SCORES, no throw by RF Erik Gretzky to third
|
|
Batting: RHB J.J. Powers
|
0-0: Ball 1-0: Ball 2-0: Ball 3-0: Called Strike 3-1: Base on Balls Ike Trout to second
|
|
Batting: LHB Luis Magdaleno
|
0-0: Ball 1-0: DOUBLE (Line Drive, 89XD, EV 97.5 MPH) Erik Gretzky scores Ike Trout scores J.J. Powers to third Runner from 3rd tries for Home, throw by RF and OUT! 9-4-2
|
|
Pitching: RHP Derek White
|
|
|
Batting: RHB Liangde Li
|
0-0: Foul Ball, location: 2F 0-1: Ball 1-1: Called Strike 1-2: Strikes out swinging
|
| Top of the 8th over - 3 runs, 2 hits, 0 errors, 1 left on base; Atlanta 6 - St. Louis 3 |
| BOTTOM OF THE 8TH |
|
St. Louis Cardinals batting - Pitching for Atlanta Braves : LHP Shingo Miura
|
|
Batting: LHB Ichiro Toyota
|
0-0: Ball 1-0: Called Strike 1-1: Called Strike 1-2: Ball 2-2: Ball 3-2: Base on Balls
|
|
Batting: SHB Antoine Roux
|
0-0: Called Strike 0-1: Ball 1-1: Foul Ball, location: 2F 1-2: Strikes out swinging
|
|
Batting: RHB Mike Bates
|
0-0: Called Strike 0-1: Ball 1-1: Ball 2-1: Ball 3-1: Base on Balls Ichiro Toyota to second
|
|
Batting: RHB Jordan Diaz
|
0-0: Called Strike 0-1: Ball 1-1: SINGLE (Groundball, 25, EV 73.1 MPH) (infield hit) Ichiro Toyota to third Mike Bates to second
|
|
Batting: SHB Chris Blue
|
0-0: Ball 1-0: Ball 2-0: Called Strike 2-1: Ball 3-1: DOUBLE (Line Drive, 78XD, EV 110.0 MPH) Ichiro Toyota scores Mike Bates scores Jordan Diaz to third Runner from 3rd tries for Home, SAFE, throw by CF to trailing runner, SAFE at third!
|
|
Pitching: RHP Greg Hart
|
|
|
Pinch Hitting: LHB Pat Sutton
|
0-0: Fly out, F7 (Flyball, 7, EV 81.9 MPH)
|
|
Batting: SHB Harry Hoop
|
0-0: Ball 1-0: Called Strike 1-1: Swinging Strike 1-2: Foul Ball, location: 2F 1-2: Strikes out swinging
|
| Bottom of the 8th over - 3 runs, 2 hits, 0 errors, 1 left on base; Atlanta 6 - St. Louis 6 |
| TOP OF THE 9TH |
|
Atlanta Braves batting - Pitching for St. Louis Cardinals : RHP Derek White
|
|
Now in LF: Pat Sutton
|
|
|
Batting: RHB Jeckel Hester
|
0-0: Ball 1-0: Ball 2-0: Swinging Strike 2-1: Ball 3-1: Fly out, F3 (Popup, 3L, EV 72.5 MPH)
|
|
Batting: RHB Kevin Howard
|
0-0: Ball 1-0: Foul Ball, location: 2F 1-1: Ground out 4-3 (Groundball, 4, EV 80.6 MPH)
|
|
Batting: RHB David Casas
|
0-0: Foul Ball, location: 2F 0-1: Foul Ball, location: 2F 0-2: Strikes out looking
|
| Top of the 9th over - 0 runs, 0 hits, 0 errors, 0 left on base; Atlanta 6 - St. Louis 6 |
| BOTTOM OF THE 9TH |
|
St. Louis Cardinals batting - Pitching for Atlanta Braves : RHP Greg Hart
|
|
Pitching: RHP Victor Munoz
|
|
|
Batting: RHB Klaas Meij
|
0-0: Ball 1-0: Ground out 1-3 (Groundball, 15S, EV 75.6 MPH)
|
|
Batting: LHB Armando Carbajal
|
0-0: Called Strike 0-1: Ball 1-1: SINGLE (Groundball, 34D, EV 104.4 MPH)
|
|
Batting: LHB Ichiro Toyota
|
0-0: Ball 1-0: Called Strike 1-1: Ball 2-1: Called Strike 2-2: Foul Ball, location: 2F 2-2: Fielders Choice at 2nd, 6-4 (Groundball, 6, EV 106.9 MPH)
|
|
Batting: SHB Antoine Roux
|
0-0: Called Strike Ichiro Toyota steals 2nd, throwing error, E2 Ichiro Toyota to third 0-1: Foul Ball, location: 2F 0-2: Foul Ball, location: 2F 0-2: DOUBLE (Line Drive, 78XD, EV 101.9 MPH) Ichiro Toyota scores
|
| Bottom of the 9th over - 1 run, 2 hits, 1 error, 1 left on base; Atlanta 6 - St. Louis 7 |
|